 Dungeon Crawl Stone Soup version 0.20.1-1-g8b1a95d66d (webtiles) character file.

938 NixNut the Frost Mage (level 8, -3/46 HPs)
             Began as a Human Ice Elementalist on Dec 27, 2017.
             Was a Believer of Hepliaklqana.
             Slain by a hornet zombie (7 damage)
             ... on level 6 of the Dungeon.
             The game lasted 00:52:55 (6728 turns).

NixNut the Frost Mage (Human Ice Elementalist)      Turns: 6728, Time: 00:52:55

Health: -3/46      AC: 14    Str:  8    XL:     8   Next: 34%
Magic:  10/15      EV:  4    Int: 24    God:    Hepliaklqana [**....]
Gold:   164        SH:  0    Dex: 14    Spells: 16/17 levels left

rFire    x . .     SeeInvis .   B - +5 whip of Death's Door {slash, +Blink +Fly rF- Int-2}
rCold    . . .     Gourm    .   (no shield)
rNeg     . . .     Faith    .   t - +0 chain mail
rPois    .         Spirit   .   F - +1 hat
rElec    +         Reflect  .   (no cloak)
rCorr    .         Harm     .   u - +0 pair of gloves
MR       .....                  n - +0 pair of boots
Stlth    ..........             (no amulet)
Regen    0.6/turn               c - +6 ring of intelligence
MPRegen  0.2/turn               (no ring)

@: no status effects
A: reduced essence, clever 1, regeneration 1, electricity resistance
a: Recall Ancestor, Ancestor Identity, Renounce Religion, Evoke Blink, Evoke
Flight


You were on level 6 of the Dungeon.
You worshipped Hepliaklqana.
Hepliaklqana was pleased with you.
You were not hungry.

You visited 1 branch of the dungeon, and saw 6 of its levels.

You collected 244 gold pieces.
You spent 80 gold pieces at shops.

Inventory:

Hand Weapons
 f - a +0 quarterstaff
 j - a +0 dagger
 B - the +5 whip of Death's Door (weapon) {slash, +Blink +Fly rF- Int-2}
   (You found it on level 4 of the Dungeon)

   It inflicts extra damage upon your enemies.
   It affects your intelligence (-2).
   It makes you vulnerable to fire.
   It lets you fly.
   It lets you blink.
Armour
 a - a +0 robe
 n - a +0 pair of boots (worn)
 t - a +0 chain mail (worn)
 u - a +0 pair of gloves (worn)
 F - a +1 hat (worn)
Jewellery
 c - a +6 ring of intelligence (left hand)
Wands
 C - a wand of random effects (33/48)
Scrolls
 e - a scroll of remove curse
 g - 2 scrolls of immolation {unknown}
 h - 6 scrolls of teleportation
 p - a scroll of identify
 q - a scroll of magic mapping
 r - a scroll of amnesia
 s - a scroll of recharging {unknown}
 x - a scroll of random uselessness {unknown}
 y - a scroll of blinking {unknown}
 z - a scroll of fear {unknown}
Potions
 d - a potion of degeneration {unknown}
 i - 2 potions of brilliance {unknown}
 k - a potion of might {unknown}
 l - a potion of cancellation {unknown}
 m - a potion of magic {unknown}
 o - a potion of heal wounds
 v - a potion of haste
 w - 2 potions of curing
 E - a potion of agility {unknown}
 G - a potion of berserk rage {unknown}
Books
 b - a book of Frost

   Spells                             Type                      Level
   a - Freeze                         Ice                          1
   b - Throw Frost                    Conjuration/Ice              2
   c - Ozocubu's Armour               Charms/Ice                   3
   d - Throw Icicle                   Conjuration/Ice              4
   e - Summon Ice Beast               Ice/Summoning                4
Comestibles
 A - a bread ration
 D - 5 fruits


   Skills:
 - Level 0.2 Fighting
 * Level 2.0 Maces & Flails
 - Level 8.0 Armour
 - Level 2.0 Dodging
 - Level 2.0 Stealth
 + Level 5.3 Spellcasting
   Level 1.0 Conjurations
 - Level 9.0 Ice Magic
 - Level 2.1 Invocations


You had 16 spell levels left.
You knew the following spells:

 Your Spells              Type           Power        Failure   Level  Hunger
a - Freeze                Ice            ####         16%         1    None


Dungeon Overview and Level Annotations

Branches:
Dungeon (6/15)
 Temple: D:4-7

Altars:
Cheibriados
Fedhas
Hepliaklqana
Makhleb
Ru
Trog
Xom

Shops:
D:4 =}!

Annotations:
D:3 2 transporters


Innate Abilities, Weirdness & Mutations

Your life essence is reduced to manifest your ancestor. (-10% HP)
Your mind is acute. (Int +2)
Your natural rate of healing is unusually fast.
You are resistant to electric shocks. (rElec)


Message History

Aim: a hornet zombie (severely damaged)
The hornet zombie resists with significant effort.
This wand has 33 charges left.
The hornet zombie hits you but does no damage.
The hornet zombie hits you.
* * * LOW HITPOINT WARNING * * *
The hornet zombie hits you.
* * * LOW HITPOINT WARNING * * *
There is an open door here.
Casting: Freeze
Confirm with . or Enter, or press ? or * to list all spells.
Aiming: Freeze
Press: ? - help, Shift-Dir - straight line, f/p - hornet zombie
Aim: a hornet zombie (severely damaged)
You freeze the hornet zombie.
The hornet zombie completely resists.
The hornet zombie is severely damaged.
The hornet zombie hits you!
* * * LOW HITPOINT WARNING * * *
The hornet zombie hits you!
You die...

# ## #. ...## .###
.....
..######.....
#.##.........
####.##.........
+.....'.........
##.#.##Z........
#.#.##.@.......
#....#.##.........
#....#.##....##+##
#....#.##..).#
.........+....+
.......#.##....#
####....#.##....#
.....# #....+ #
#....#####..#


You could see a hornet zombie.

Vanquished Creatures
  An ogre (D:6)
  A bullfrog skeleton (D:5)
  A worker ant (D:4)
  4 gnolls
  3 adders
  3 worms (D:2)
  2 dart slugs
  3 leopard geckos
  7 orcs
  8 bats
  3 giant cockroaches
  8 goblins
  8 hobgoblins
  2 quokkas
  3 frilled lizards (D:1)
  9 kobolds
  9 rats
75 creatures vanquished.

Vanquished Creatures (collateral kills)
  3 phantoms
  A scorpion (D:4)
  A crimson imp (D:5)
  A quasit (D:5)
  An orc wizard (D:5)
  A hound (D:4)
  A gnoll shaman (D:4)
  A worker ant (D:5)
  2 gnolls (D:4)
  7 adders
  2 oozes (D:2)
  2 orcs
  2 giant cockroaches
25 creatures vanquished.

Vanquished Creatures (others)
  2 knights (D:6)
  An ancestor (D:2)
3 creatures vanquished.

Grand Total: 103 creatures vanquished

Notes
Turn   | Place    | Note
-------+----------+-------------------------------------------
     0 | D:1      | NixNut the Human Ice Elementalist began the quest for the Orb.
     0 | D:1      | Reached XP level 1. HP: 13/13 MP: 3/3
   243 | D:1      | Reached XP level 2. HP: 17/19 MP: 3/5
   964 | D:1      | Reached XP level 3. HP: 24/24 MP: 5/7
  1488 | D:2      | Reached XP level 4. HP: 26/30 MP: 2/8
  1830 | D:2      | Gained mutation: Your body sometimes deteriorates upon taking damage. [mutagenic glow]
  1869 | D:2      | Gained mutation: Your muscles are strong. (Str +2) [mutagenic glow]
  1885 | D:2      | Reached skill level 9 in Ice Magic
  1885 | D:2      | Reached XP level 5. HP: 4/35 MP: 1/9
  2213 | D:2      | Found a shimmering altar of Xom.
  2214 | D:2      | Found a shimmering altar of Xom.
  2215 | D:2      | Found a shimmering altar of Xom.
  2215 | D:2      | Found a shimmering altar of Xom.
  2246 | D:2      | You fall through a shaft for 2 floors!
  2246 | D:4      | Noticed a phantom
  2341 | D:4      | Found Muqivuss's Gadget Boutique.
  2558 | D:4      | Found a hazy altar of Hepliaklqana.
  2559 | D:4      | Noticed a phantom
  2755 | D:4      | Lost mutation: Your muscles are strong. (Str +2) [potion of mutation]
  2755 | D:4      | Lost mutation: Your body sometimes deteriorates upon taking damage. [potion of mutation]
  2755 | D:4      | Gained mutation: You have a pair of small antennae on your head. [potion of mutation]
  2755 | D:4      | Gained mutation: You are surrounded by a mild repulsion field. (EV +2) [potion of mutation]
  2764 | D:4      | Lost mutation: You have a pair of small antennae on your head. [potion of mutation]
  2764 | D:4      | Lost mutation: You are surrounded by a mild repulsion field. (EV +2) [potion of mutation]
  2764 | D:4      | Gained mutation: Your natural rate of healing is unusually fast. [potion of mutation]
  2764 | D:4      | Gained mutation: You are resistant to electric shocks. (rElec) [potion of mutation]
  2764 | D:4      | Gained mutation: Your mind is acute. (Int +2) [potion of mutation]
  3405 | D:3      | Found a transporter.
  3463 | D:3      | Found a transporter.
  3502 | D:3      | Found a faded altar of an unknown god.
  3540 | D:3      | Became a worshipper of Hepliaklqana the Forgotten
  3540 | D:3      | Reached * piety under Hepliaklqana
  4022 | D:2      | Reached XP level 6. HP: 36/36 MP: 7/11
  4525 | D:3      | Found a snail-covered altar of Cheibriados.
  4525 | D:3      | Found a sacrificial altar of Ru.
  5019 | D:4      | Reached skill level 1 in Invocations
  5065 | D:4      | Found Xoqyz's Distillery.
  5088 | D:4      | Bought a potion of curing for 30 gold pieces
  5088 | D:4      | Bought a potion of heal wounds for 50 gold pieces
  5131 | D:4      | Killed a phantom
  5232 | D:4      | Reached ** piety under Hepliaklqana
  5233 | D:4      | Remembered your ancestor Draco as a knight
  5395 | D:4      | Got a transparent whip
  5396 | D:4      | Identified the +5 whip of Death's Door {slash, +Blink +Fly rF- Int-2} (You found it on level 4 of the Dungeon)
  5474 | D:4      | Reached XP level 7. HP: 37/41 MP: 2/12
  5517 | D:4      | Reached skill level 1 in Maces & Flails
  5657 | D:4      | Found Qowuotwu's Jewellery Shoppe.
  5945 | D:5      | Entered Level 5 of the Dungeon
  5946 | D:5      | Found a blossoming altar of Fedhas.
  6072 | D:5      | Reached XP level 8. HP: 46/46 MP: 11/15
  6209 | D:5      | Reached skill level 5 in Spellcasting
  6241 | D:5      | Found a bloodstained altar of Trog.
  6243 | D:5      | Found a burning altar of Makhleb.
  6728 | D:6      | Slain by a hornet zombie

Skill      XL: |  1  2  3  4  5  6  7  8 |
---------------+-------------------------+-----
Spellcasting   | 3 4 5 |  5.3
Armour         | 8 |  8.0
Ice Magic      | 9 |  9.0
Invocations    | 2 |  2.1
Maces & Flails | 1 2 |  2.0
Fighting       | |  0.2
Dodging        | |  2.0
Stealth        | |  2.0
Conjurations   | |  1.0

Action                   |  1- 3 |  4- 6 |  7- 9 || total
-------------------------+-------+-------+-------++-------
Melee: Dagger            |       |   267 |       ||   267
       Whip              |       |       |    29 ||    29
 Cast: Freeze            |    41 |    91 |    27 ||   159
Invok: Ancestor Life: Kn |       |     1 |       ||     1
       Ancestor Identity |       |     1 |       ||     1
       Recall Ancestor   |       |       |     1 ||     1
Evoke: Wand              |       |       |     1 ||     1
  Use: Potion            |       |    10 |       ||    10
       Scroll            |       |     1 |     4 ||     5
  Eat: Bread ration      |     1 |     1 |     1 ||     3
       Royal jelly       |       |     3 |       ||     3
       Fruit             |       |       |     1 ||     1
Armor: Robe              |     7 |     2 |       ||     9
       Chain mail        |       |   214 |    59 ||   273
Dodge: Dodged            |    22 |    95 |    16 ||   133
